 Dungeon Sprint DCSS version 0.21.1-1-g345015f (webtiles) character file.

1000000 Fang the Axe Maniac (level 15, -60/156 HPs)
             Began as a Minotaur Gladiator on May 3, 2018.
             Was a Follower of Makhleb.
             Annihilated by a meat berserker
             ... wielding a +9 battleaxe
              (75 damage)
             ... in the Dungeon (Sprint VIII: "Arena of Blood").
             The game lasted 00:00:28 (10 turns).

Fang the Axe Maniac (Minotaur Gladiator)              Turns: 10, Time: 00:00:29

Health: -60/156    AC:  3    Str: 24    XL:     15   Next: 22%
Magic:  14/14      EV: 29    Int:  5    God:    Makhleb [*.....]
Gold:   0          SH:  0    Dex: 13    Spells: 14/14 levels left

rFire    . . .     SeeInvis .   l - +∞ Axe of Woe
rCold    . . .     Gourm    .   (shield currently unavailable)
rNeg     . . .     Faith    .   b - +0 leather armour
rPois    .         Spirit   .   c - +0 hat
rElec    .         Reflect  .   (no cloak)
rCorr    .         Harm     .   (no gloves)
MR       +....     NoTele   +   (no boots)
Stlth    +.........             (no amulet)
HPRegen  0.36/turn              (no ring)
MPRegen  0.14/turn              (no ring)

@: no status effects
A: retaliatory headbutt, horns 2
a: Renounce Religion


You were in the Dungeon.
You worshipped Makhleb.
Makhleb was aware of your devotion.
You were not hungry.

You visited 1 branch

Inventory:

Hand Weapons
 a - a +0 war axe
 l - the +∞ Axe of Woe (weapon)
   (You found it in the Dungeon)
Missiles
 d - 3 throwing nets (quivered)
Armour
 b - a +0 leather armour (worn)
 c - a +0 hat (worn)
Scrolls
 k - a scroll of blinking
Potions
 e - a potion of curing
 g - a potion of heal wounds
 h - a potion of haste
 i - 2 potions of magic
 j - a potion of berserk rage
Comestibles
 f - a ration


   Skills:
 + Level 20.5 Fighting
 O Level 27 Axes
 + Level 15.9 Throwing
 + Level 4.4 Armour
 O Level 27 Dodging


You had 14 spell levels left.
You didn't know any spells.

Dungeon Overview and Level Annotations

Branches:
Dungeon (1/1)

Altars:
Makhleb


Innate Abilities, Weirdness & Mutations

You reflexively headbutt those who attack you in melee.
You have a pair of horns on your head.


Message History

Press < or > to pray at altars.
A bag of meat comes into view. It is wielding a +9 war axe.
The bag of meat shouts! x2; You hear a shout!
The meat berserker hits you with a +9 battleaxe!!!
* * * LOW HITPOINT WARNING * * *
The bag of meat appears out of thin air!
A bag of meat comes into view. It is wielding a +9 war axe.
The bag of meat hits you with a +9 war axe!
* * * LOW HITPOINT WARNING * * *
You hear a shout!
You are too injured to fight recklessly!
Unknown command.
You are too injured to fight recklessly!
Unknown command.
You are too injured to fight recklessly!
Unknown command.
You are too injured to fight recklessly!
You hear a shout! x2
The meat berserker hits you with a +9 battleaxe!!!!
You die...

..... .. #...
..# . #... ..#
..###... ..###.
.o....###......
....o_......
#.)...# #o)<._#
#o.@..#
..oo....O.......
.......###......
..###... ..###.
. #..o ..# #...
.# ..... .. ....
..


You could see a meat berserker (berserk) and 5 bags of meat.

Vanquished Creatures
  2 ogres (D)
  2 orcs (D)
4 creatures vanquished.

Notes
Turn   | Place    | Note
-------+----------+-------------------------------------------
     0 | D        | Found the +∞ Axe of Woe
     0 | D        | Fang the Minotaur Gladiator began the quest for the Orb.
     0 | D        | Reached XP level 1. HP: 18/18 MP: 0/0
     3 | D        | Noticed a bag of meat
     3 | D        | Noticed a bag of meat
     3 | D        | Noticed a bag of meat
     3 | D        | Killed a bag of meat
     3 | D        | Reached skill level 10 in Throwing
     3 | D        | Reached XP level 2. HP: 42/42 MP: 1/1
     3 | D        | Reached XP level 3. HP: 49/49 MP: 2/2
     3 | D        | Reached XP level 4. HP: 57/57 MP: 3/3
     3 | D        | Reached XP level 5. HP: 63/63 MP: 4/4
     3 | D        | Reached XP level 6. HP: 71/71 MP: 5/5
     3 | D        | Reached XP level 7. HP: 78/78 MP: 6/6
     3 | D        | Reached XP level 8. HP: 85/85 MP: 7/7
     3 | D        | Reached XP level 9. HP: 91/91 MP: 8/8
     3 | D        | Reached XP level 10. HP: 99/99 MP: 9/9
     3 | D        | Reached XP level 11. HP: 105/105 MP: 10/10
     5 | D        | Noticed a bag of meat
     5 | D        | Noticed a bag of meat
     5 | D        | Noticed a bag of meat
     5 | D        | Noticed a meat berserker
     5 | D        | Noticed a meat berserker
     6 | D        | Became a worshipper of Makhleb the Destroyer
     6 | D        | Noticed a bag of meat
     7 | D        | Killed a bag of meat
     7 | D        | Reached XP level 12. HP: 118/118 MP: 11/11
     8 | D        | Killed a meat berserker
     8 | D        | Reached * piety under Makhleb
     8 | D        | Reached XP level 13. HP: 83/132 MP: 12/12
     8 | D        | Reached XP level 14. HP: 89/140 MP: 13/13
     8 | D        | Killed a meat berserker
     8 | D        | Reached skill level 27 in Axes
     8 | D        | Reached skill level 15 in Throwing
     8 | D        | Reached skill level 27 in Dodging
     8 | D        | Reached XP level 15. HP: 99/156 MP: 14/14
     9 | D        | Noticed a meat berserker
    10 | D        | Annihilated by a meat berserker

Skill      XL: |  1  2  3  4  5  6  7  8  9 10 11 12 13 14 |
---------------+-------------------------------------------+-----
Fighting       | 12 14 17 20 | 20.5
Axes           | 20 23 26 27 | 27.0
Throwing       | 10 11 13 15 | 15.9
Dodging        | 18 21 24 27 | 27.0
Armour         | 2 4 |  4.4

Action                   |  1- 3 |  4- 6 |  7- 9 | 10-12 | 13-15 || total
-------------------------+-------+-------+-------+-------+-------++-------
Melee: Executioner's axe |     1 |       |       |     2 |       ||     3
